 Seeded DCSS version 0.29-a0-362-g5854e031c7 (webtiles) character file.

Game seed: 999999999999999999 (custom seed)

11 lucidbluej the Slasher (level 2, 0/27 HPs)
             Began as a Minotaur Berserker on Apr 30, 2022.
             Was a Follower of Trog.
             Slain by a phantom (4 damage)
             ... on level 2 of the Dungeon.
             The game lasted 00:02:28 (720 turns).

lucidbluej the Slasher (Minotaur Berserker)          Turns: 720, Time: 00:02:28

Health: 0/27       AC:  2    Str: 21    XL:     2   Next: 17%
Magic:  1/1        EV: 12    Int:  4    God:    Trog [*.....]
Gold:   99         SH:  0    Dex:  9    Spells: 1/1 levels left

rFire   . . .      SeeInvis .   a - +0 falchion
rCold   . . .      Faith    .   (no shield)
rNeg    . . .      Spirit   .   b - +0 animal skin
rPois   .          Reflect  .   (helmet restricted)
rElec   .          Harm     .   (no cloak)
rCorr   .          Rampage  .   (no gloves)
Will    .....                   (no boots)
Stlth   +.........              (no amulet)
HPRegen 0.09/turn               (no ring)
MPRegen 0.07/turn               (no ring)

@: no status effects
A: horns 2, retaliatory headbutt
a: Renounce Religion, Berserk


You were on level 2 of the Dungeon.
You worshipped Trog.
Trog was aware of your devotion.
You visited 1 branch of the dungeon, and saw 2 of its levels.

You collected 99 gold pieces.

Inventory:

Hand Weapons
 a - a +0 falchion (weapon)
 d - a +0 hunting sling
 e - a +0 dagger
 h - a +0 dagger
 l - a +0 short sword
 r - a +0 quarterstaff
 u - a +0 club
Missiles
 f - 38 stones (quivered)
Armour
 b - a +0 animal skin (worn)
 i - a +0 pair of gloves
 j - a +0 pair of boots
 m - a scarf of repulsion
 p - a +0 kite shield
 t - a +0 leather armour of cold resistance
Jewellery
 g - a ring of willpower
 n - a +4 ring of evasion
Scrolls
 c - 2 scrolls of identify {unknown}
 k - a scroll of teleportation {unknown}
 s - a scroll of noise {unknown}
Potions
 o - a potion of curing {unknown}
 q - a potion of berserk rage {unknown}


   Skills:
 + Level 4.0 Fighting
 + Level 4.0 Long Blades
 + Level 2.5 Armour
 + Level 2.2 Dodging


You had one spell level left.
You didn't know any spells.
Your spell library was empty.

Dungeon Overview and Level Annotations

Branches:
Dungeon (2/15)

Altars:

Shops:
D:1 (


Innate Abilities, Weirdness & Mutations

You have a pair of horns on your head.
You reflexively headbutt those who attack you in melee.


Message History

The goblin hits you with a +0 club.
You closely miss the goblin. The goblin hits you with a +0 club.
You hit the goblin. You headbutt the goblin.
You kill the goblin!
Trog accepts your kill.
Things that are here:
a +0 club; a goblin corpse
u - a +0 club You hit the phantom.
The phantom is lightly damaged.
The phantom closely misses you.
You hit the phantom.
The phantom is moderately damaged.
The phantom misses you.
You hit the phantom.
The phantom is moderately damaged.
The phantom hits you.
The phantom blinks!
You blink.
You closely miss the phantom.
The phantom is moderately damaged.
The phantom hits you.
The phantom blinks!
You blink.
Found a stone staircase leading down.
The phantom closely misses you. You furiously retaliate!
You headbutt the phantom. You hit the phantom.
The phantom is heavily damaged.
The phantom hits you.
The phantom blinks!
You blink.
You barely miss the phantom. Your headbutt misses the phantom.
The phantom is heavily damaged.
The phantom hits you.
* * * LOW HITPOINT WARNING * * *
The phantom blinks!
You blink.
You barely miss the phantom.
The phantom is heavily damaged.
The phantom hits you.
* * * LOW HITPOINT WARNING * * *
The phantom blinks!
You blink.
You hit the phantom. You punch the phantom.
The phantom is severely damaged.
The phantom hits you.
You die...

### ####### ..
#..... #. #...#
.#####.##..§#
.......@>...#
.###.#W#.#.##
#.#.#.#§# # ....
#.#.#.#...# ....
###.#.#.#...# .....
........#...##
.....####.#........#
................##.#
......#.†......## .#


You could see a phantom.

Vanquished Creatures
  3 bats (D:1)
  A giant cockroach (D:1)
  2 goblins
  2 hobgoblins
  A frilled lizard (D:1)
  A kobold (D:1)
  A rat (D:1)
11 creatures vanquished.

Notes
Turn   | Place    | Note
-------+----------+-------------------------------------------
     0 | D:1      | lucidbluej the Minotaur Berserker began the quest for the
                  | Orb.
     0 | D:1      | Reached XP level 1. HP: 19/19 MP: 0/0
   150 | D:1      | Found Renidy's Antique Weapon Emporium.
   583 | D:1      | Reached XP level 2. HP: 26/27 MP: 1/1
   705 | D:2      | Noticed a phantom
   720 | D:2      | Slain by a phantom

Illustrated notes

Levels and vault maps discovered:
D:1:      lemuel_arrival_broad_hall, layout_loops_ring, serial_shops,
          nicolae_square_shop
D:2:      layout_basic, shapermc_ecumenical_altar_pompeii, uniq_robin

Skill      XL: |  1  2 |
---------------+-------+-----
Long Blades    | 4 |  4.0
Fighting       | 4 |  4.0
Armour         | |  2.5
Dodging        | |  2.2

Action                   || total
-------------------------++-------
Melee: Falchion          ||    19
       Headbutt          ||     2
       Punch             ||     1
Armor: Animal skin       ||     2
Dodge: Dodged            ||    17

Table legend: (Time is in decaauts)
 A = Elapsed time spent in this place.
 B = Non-inter-level travel time spent in this place.
 C = Inter-level travel time spent in this place.
 D = Time resting spent in this place.
 E = Time spent auto-exploring this place.
 F = Levels seen in this place.
 G = Mean time per level.
                   A        B        C        D        E       F      G
               +--------+--------+--------+--------+--------+-----+--------+
         Total |    721 |    680 |     41 |      0 |    416 |   2 |  360.5 |
       Dungeon |    721 |    680 |     41 |      0 |    416 |   2 |  360.5 |
               +--------+--------+--------+--------+--------+-----+--------+

Top non-repeatable levels by time:
     D:1: 688 daAuts
     D:2: 33 daAuts
